 Dungeon Crawl Stone Soup version v3.33-hellcrawl-164-ga292864 (webtiles) character file.

10271 radzia the Cleaver (level 13, -2/90 HPs)
             Began as a Demonspawn Gladiator on Sept 23, 2017.
             Was a High Priest of Okawaru.
             Killed from afar by Azrael (16 damage)
             ... with a bolt of fire
             ... on level 14 of the Dungeon.
             The game lasted 00:28:05 (14823 turns).

radzia the Cleaver (Demonspawn Gladiator)          Turns: 14823, Time: 00:28:06

Health: -2/90      AC: 39 (48%)Str: 19  XL:     13   Next: 11%
Magic:  16/19      EV:  8    Int: 14    God:    Okawaru [5*[143]]
Gold:   1012       SH:  0    Dex: 14    Spells: 11/20 levels left

rFire    . . .     SeeInvis +   O - +4 broad axe (elec)
rCold    + . .     Faith    .   (no shield)
rNeg     . . .     Spirit   .   q - +8 orange crystal plate armour {Archmagi, Int+3 Clar}
rPois    .         Reflect  .   (helmet unavailable)
rElec    .         Clarity  +   H - +0 cloak
rCorr    .                      (no gloves)
MR       .....                  (no boots)
Stlth    ..........             C - amulet of magic regeneration
Regen    0.3/turn               j - +3 ring of protection
MPRegen  0.7/turn               p - +6 ring of slaying

@: about to teleport, heroism, finesse, very slightly contaminated
A: antennae 3, yellow scales 2, cold resistance 1, demonic guardian 2, freezing
cloud immunity
a: Heroism, Finesse, Renounce Religion


You were on level 14 of the Dungeon.
You worshipped Okawaru.
Okawaru was extremely pleased with you.
You were not hungry.

You visited 1 branch of the dungeon, and saw 14 of its levels.
You also visited: Sewer.

You collected 1012 gold pieces.

Inventory:

Hand Weapons
 L - a +5 executioner's axe of electrocution
 O - a +4 broad axe of electrocution (weapon)
Missiles
 c - 83 poisoned javelins
 d - 542 poisoned darts
 e - 40 curare darts
 f - 3115 stones
 s - 193 steel javelins
 y - 323 tomahawks
 A - 53 javelins (quivered)
 G - 36 frenzy darts
 K - 53 javelins of penetration
 M - 186 silver javelins
Armour
 b - a +0 leather armour
 q - the +8 orange crystal plate armour (worn) {Archmagi, Int+3 Clar}
   (You acquired it on level 12 of the Dungeon)

   It affects your intelligence (+3).
   It protects you against confusion.
 w - +0 acid dragon scales
 D - a +1 robe of cold resistance
 E - a +0 chain mail
 H - a +0 cloak (worn)
Jewellery
 a - an uncursed amulet of faith
 j - a +3 ring of protection (left hand)
 p - a +6 ring of slaying (right hand)
 z - an uncursed ring of resist corrosion
 C - an amulet of magic regeneration (around neck)
Wands
 J - a wand of lightning (5)
 N - a wand of polymorph (7)
Scrolls
 i - 2 scrolls of blinking
 k - a scroll of fear
 m - 4 scrolls of teleportation
 o - 4 scrolls of enchant armour
 u - 2 scrolls of amnesia
Potions
 g - 5 potions of augmentation
 h - a potion of magic
 l - 6 potions of curing
 n - 6 potions of heal wounds
 r - 4 potions of flight
 t - 3 potions of haste
 v - a potion of mutation
 x - a potion of cancellation
 B - a potion of resistance
 F - a potion of ambrosia
 I - a potion of lignification


   Skills:
 - Level 4.8(9.8) Fighting
 + Level 13.6(18.6) Axes
 + Level 5.5(10.5) Throwing
 * Level 9.7(14.7) Armour
 - Level 5.7(10.7) Dodging
 - Level 4.3 Spellcasting
 - Level 4.2 Charms
 - Level 1.5 Necromancy
 - Level 3.8 Ice Magic
 - Level 5.2 Invocations


You had 11 spell levels left.
You knew the following spells:

 Your Spells              Type           Power        Failure   Level  Hunger
a - Song of Slaying       Chrm           22 (100)     97%         2    ##.....
b - Regeneration          Chrm/Necr      16 (200)     100%        3    ###....
c - Ozocubu's Armour      Chrm/Ice       21 (100)     100%        4    ####...


Dungeon Overview and Level Annotations

Branches:
Dungeon (14/15)

Altars:
Cheibriados
Dithmenos
Elyvilon
Gozag
Hepliaklqana
Kikubaaqudgha
Makhleb
Nemelex Xobeh
Okawaru
Qazlal
Ru
Sif Muna
Trog
Uskayaw
Vehumet
Xom
Yredelemnul
Zin
The Shining One

Shops:
D:10 (   D:13 :

Annotations:
D:14 Azrael


Innate Abilities, Weirdness & Mutations

You have a pair of large antennae on your head. (SInv)
You are mostly covered in yellow scales. (AC +3)
Your flesh is cold resistant. (rC+)
A demonic guardian rushes to your aid.
You are immune to freezing clouds.


Message History

The fire elemental is heavily damaged.
Azrael gestures at you.
The bolt of fire hits the fire elemental (0).
The fire elemental completely resists.
The bolt of fire hits you!
That hurt (40)!
* * * LOW HITPOINT WARNING * * *
The fire elemental hits you (0).
You closely miss the fire elemental.
The fire elemental is heavily damaged.
Blink to where?
Press: ? - help, Dir - move target cursor You are very lightly contaminated with residual magic.
As you read the scroll of blinking, it crumbles to dust.
As you read the scroll of teleportation, it crumbles to dust.
You feel strangely unstable. Azrael gestures at you.
The bolt of fire hits the fire elemental (0).
The fire elemental completely resists.
The bolt of fire hits you!
That hurt (16)!
You die...

#...>......
#........##
#........#
##########
###########
#.........#
#######W........##
#...E§R§..........
#@#####§..........
#...E§§...........
#.....§#...#.#...#
#....§§.#§#...#.#.
#....#...#.....#..
#.....#..#.....#..
##.#...###.....###
#..#..#..#...#..#
#..h###...#.#...#


You could see Azrael, 2 fire elementals and a wraith.

Vanquished Creatures
  2 centaur warriors (D:13)
  Urug (D:12)
  2 orc high priests (D:13)
  Pikel (D:5)
  8 ugly things
  2 orc sorcerers (D:13)
  5 manticores
  2 gargoyles (D:13)
  A black mamba (D:14)
  A centaur skeleton (D:14)
  3 spiny frogs
  A freezing wraith (D:14)
  A harpy zombie (D:13)
  5 trolls
  11 blink frogs
  2 shadows
  2 black mamba zombies
  4 wraiths (D:12)
  4 wyverns
  A black mamba skeleton (D:12)
  2 steam dragons
  Menkaure (D:6)
  Edmund (D:5)
  An acid dragon (D:13)
  A warg (D:13)
  5 hell hounds (D:14)
  A spiny frog zombie (D:9)
  4 water moccasins
  4 orc warriors
  2 black bears
  4 ice beasts
  A spiny frog skeleton (D:7)
  A wasp (D:8)
  4 phantoms
  A blink frog zombie (D:14)
  3 ogres
  11 centaurs
  2 big kobolds (Sewer)
  Blork the orc (D:5)
  3 bullfrogs
  A rime drake skeleton (D:12)
  2 wyvern zombies
  2 wyvern skeletons
  2 scorpions
  11 killer bees
  3 crimson imps
  5 wights (D:11)
  4 centaur zombies
  2 bullfrog zombies
  3 quasits
  2 wasp zombies (D:9)
  A hound (D:5)
  A gnoll shaman (D:6)
  4 jellies
  5 orc priests
  5 orc wizards
  4 worker ants
  2 iguanas (D:6)
  2 hound zombies
  2 hound skeletons (D:6)
  A worker ant zombie (D:5)
  7 gnolls
  8 adders
  A shadow imp (D:9)
  3 oozes (Sewer)
  2 dart slugs
  20 orcs
  7 quokkas
  7 ball pythons
  10 bats
  12 giant cockroaches
  9 goblins
  4 hobgoblins
  7 jackals
  16 kobolds
  4 frilled lizards
  5 rats
  3 rat zombies (D:4)
  A spectral orc (D:5)
302 creatures vanquished.

Vanquished Creatures (collateral kills)
  Josephine (D:12)
  A hydra (D:12)
  2 two-headed ogres
  2 deep elf magi
  A centaur zombie (D:11)
  Duvessa (D:7)
  A black bear (D:6)
  A slave (D:5)
  A big kobold (Sewer)
  A gnoll sergeant (D:5)
  Dowan (D:7)
  A quasit (D:4)
  An orc priest (D:4)
  A gnoll (D:5)
  3 orcs
  A kobold (Sewer)
20 creatures vanquished.

Vanquished Creatures (others)
  A rime drake (D:14)
1 creature vanquished.

Grand Total: 323 creatures vanquished

Notes
Turn   | Place    | Note
-------+----------+-------------------------------------------
     0 | D:1      | radzia the Demonspawn Gladiator began the quest for the Orb.
     0 | D:1      | Reached XP level 1. HP: 16/16 MP: 1/1
    41 | D:1      | Reached skill level 3 in Axes
    69 | D:1      | Gained mutation: You are partially covered in yellow scales. (AC +2) [demonic ancestry]
    69 | D:1      | Reached XP level 2. HP: 20/22 MP: 2/2
   591 | D:1      | Gained mutation: Your flesh is cold resistant. (rC+) [demonic ancestry]
   591 | D:1      | Reached XP level 3. HP: 26/27 MP: 3/3
   944 | D:2      | Reached skill level 4 in Axes
  1118 | D:2      | Noticed a dagger
  1119 | D:2      | Noticed a hand axe
  1123 | D:2      | Found a hide-covered altar of Uskayaw.
  1360 | D:2      | Found a radiant altar of Vehumet.
  1407 | D:2      | Found a faded altar of an unknown god.
  1740 | D:2      | Became a worshipper of Warmaster Okawaru
  1740 | D:2      | Reached * piety under Okawaru
  1769 | D:3      | Gained mutation: A weak demonic guardian rushes to your aid. [demonic ancestry]
  1769 | D:3      | Reached XP level 4. HP: 33/33 MP: 4/4
  1869 | D:3      | Found a stormy altar of Qazlal.
  2012 | D:3      | Found a hazy altar of Hepliaklqana.
  2258 | D:3      | Found a bloodstained altar of Trog.
  2307 | D:3      | Found a shimmering altar of Xom.
  2390 | D:4      | Reached skill level 5 in Axes
  2455 | D:4      | Reached XP level 5. HP: 21/38 MP: 5/5
  2499 | D:4      | Noticed an ogre
  2504 | D:4      | Killed an ogre
  2504 | D:4      | Reached ** piety under Okawaru
  2504 | D:4      | Gained mutation: You have a pair of small antennae on your head. [demonic ancestry]
  2504 | D:4      | Reached XP level 6. HP: 15/44 MP: 6/6
  2649 | D:4      | Reached skill level 6 in Axes
  2657 | D:4      | Found a glowing drain.
  2665 | Sewer    | Entered a sewer
  3045 | Sewer    | Gained mutation: You have a pair of antennae on your head. [demonic ancestry]
  3045 | Sewer    | Reached XP level 7. HP: 49/50 MP: 7/7
  3448 | D:4      | Found a sparkling altar of Nemelex Xobeh.
  3559 | D:4      | Reached skill level 7 in Axes
  3628 | D:4      | Found an ancient bone altar of Kikubaaqudgha.
  3817 | D:5      | Entered Level 5 of the Dungeon
  3823 | D:5      | Noticed Blork the orc
  3835 | D:5      | Killed Blork the orc
  3932 | D:5      | Noticed Edmund
  3936 | D:5      | Reached skill level 1 in Invocations
  3946 | D:5      | Killed Edmund
  3946 | D:5      | Reached *** piety under Okawaru
  3946 | D:5      | Reached skill level 1 in Armour
  4015 | D:5      | Gained mutation: A demonic guardian rushes to your aid. [demonic ancestry]
  4015 | D:5      | Reached XP level 8. HP: 47/56 MP: 9/9
  4252 | D:5      | Found a basalt altar of Yredelemnul.
  4445 | D:5      | Found a sacrificial altar of Ru.
  4453 | D:5      | Reached skill level 8 in Axes
  4499 | D:5      | Found an opulent altar of Gozag.
  4559 | D:5      | Noticed Pikel
  4569 | D:5      | Killed Pikel
  4569 | D:5      | Reached **** piety under Okawaru
  4569 | D:5      | Received a gift from Okawaru
  4569 | D:5      | Reached skill level 5 in Throwing
  4569 | D:5      | Reached XP level 9. HP: 52/61 MP: 10/12
  4777 | D:6      | Found a shadowy altar of Dithmenos.
  4828 | D:6      | Found a burning altar of Makhleb.
  5167 | D:6      | Reached skill level 5 in Invocations
  5267 | D:6      | Noticed Menkaure
  5276 | D:6      | Killed Menkaure
  5276 | D:6      | Reached skill level 9 in Axes
  6239 | D:6      | Found an iron altar of Okawaru.
  6239 | D:6      | Found a snail-covered altar of Cheibriados.
  6270 | D:7      | Found a glowing silver altar of Zin.
  6273 | D:7      | Noticed Dowan
  6280 | D:7      | Noticed Duvessa
  6284 | D:7      | Killed Dowan
  6284 | D:7      | Reached skill level 5 in Dodging
  6285 | D:7      | Killed Duvessa
  6328 | D:7      | Found a white marble altar of Elyvilon.
  6757 | D:7      | Found a glowing golden altar of the Shining One.
  6957 | D:7      | Found a deep blue altar of Sif Muna.
  7361 | D:8      | Reached XP level 10. HP: 45/71 MP: 13/13
  7496 | D:8      | Got the +5 long sword of the Empty Page {freeze, +Fly Str+2}
  7997 | D:9      | Reached skill level 10 in Axes
  8010 | D:9      | Reached ***** piety under Okawaru
  8010 | D:9      | Received a gift from Okawaru
  8706 | D:10     | Entered Level 10 of the Dungeon
  9015 | D:10     | Reached skill level 11 in Axes
  9564 | D:10     | Found Suuvej's Weapon Boutique.
  9621 | D:10     | Received a gift from Okawaru
 10142 | D:10     | Reached skill level 12 in Axes
 10464 | D:11     | Learned a level 2 spell: Song of Slaying
 10468 | D:11     | Learned a level 3 spell: Regeneration
 10473 | D:11     | Learned a level 4 spell: Ozocubu's Armour
 10715 | D:11     | Noticed a spiny frog
 10718 | D:11     | Killed a spiny frog
 10718 | D:11     | Received a gift from Okawaru
 10718 | D:11     | Gained mutation: You are immune to freezing clouds. [demonic ancestry]
 10718 | D:11     | Reached XP level 11. HP: 53/78 MP: 14/14
 11208 | D:11     | Reached skill level 1 in Spellcasting
 11208 | D:11     | Reached skill level 1 in Charms
 11782 | D:11     | Reached skill level 1 in Necromancy
 11952 | D:12     | Noticed a two-headed ogre
 11955 | D:12     | Noticed a five-headed hydra
 11976 | D:12     | Killed a five-headed hydra
 11976 | D:12     | Received a gift from Okawaru
 11976 | D:12     | Reached skill level 1 in Ice Magic
 11990 | D:12     | Killed a two-headed ogre
 12104 | D:12     | Noticed Urug
 12112 | D:12     | Killed Urug
 12164 | D:12     | Noticed Josephine
 12169 | D:12     | Killed Josephine
 12169 | D:12     | Received a gift from Okawaru
 12300 | D:12     | Received a gift from Okawaru
 12406 | D:12     | Noticed a red ugly thing
 12441 | D:12     | Killed a red ugly thing
 12712 | D:13     | Noticed a cyan ugly thing
 12712 | D:13     | Noticed a two-headed ogre
 12718 | D:13     | Killed a two-headed ogre
 12721 | D:13     | Killed a cyan ugly thing
 12721 | D:13     | Received a gift from Okawaru
 12721 | D:13     | Gained mutation: You have a pair of large antennae on your head. (SInv) [demonic ancestry]
 12721 | D:13     | Reached XP level 12. HP: 56/84 MP: 18/18
 12725 | D:13     | Reached skill level 5 in Armour
 12905 | D:13     | Noticed a centaur warrior
 12922 | D:13     | Killed a centaur warrior
 13188 | D:13     | Found Noppit's Book Shoppe.
 13210 | D:13     | Noticed an orc high priest
 13211 | D:13     | Noticed an orc high priest
 13241 | D:13     | Noticed a centaur warrior
 13250 | D:13     | Received a gift from Okawaru
 13251 | D:13     | Killed a centaur warrior
 13263 | D:13     | Reached skill level 13 in Axes
 13581 | D:13     | Killed an orc high priest
 13586 | D:13     | HP: 3/85 [manticore (6)]
 13699 | D:13     | Killed an orc high priest
 14558 | D:14     | Gained mutation: You are mostly covered in yellow scales. (AC +3) [demonic ancestry]
 14558 | D:14     | Reached XP level 13. HP: 89/90 MP: 19/19
 14574 | D:14     | Received a gift from Okawaru
 14779 | D:14     | Noticed Azrael
 14823 | D:14     | Killed from afar by Azrael

Skill      XL: |  1  2  3  4  5  6  7  8  9 10 11 12 |
---------------+-------------------------------------+-----
Axes           | 3 4 5 6 7 8 9 12 13 | 13.6
Throwing       | 2 3 4 5 |  5.5
Dodging        | 3 4 5 |  5.7
Invocations    | 1 4 5 |  5.2
Armour         | 1 2 4 9 |  9.7
Fighting       | 3 4 |  4.8
Spellcasting   | 4 |  4.3
Charms         | 4 |  4.2
Necromancy     | 1 |  1.5
Ice Magic      | 3 |  3.8

Action                   |  1- 3 |  4- 6 |  7- 9 | 10-12 | 13-15 || total
-------------------------+-------+-------+-------+-------+-------++-------
Melee: War axe           |   103 |    86 |    54 |       |       ||   243
       Broad axe         |       |       |   275 |   150 |    40 ||   465
       Executioner's axe |       |       |       |   225 |       ||   225
Throw: Curare dart       |       |       |       |     1 |       ||     1
       Javelin           |       |       |       |     1 |     5 ||     6
 Cast: Ozocubu's Armour  |       |       |       |     1 |       ||     1
       Regeneration      |       |       |       |     1 |       ||     1
       Song of Slaying   |       |       |       |     1 |       ||     1
Invok: Heroism           |       |       |     1 |     4 |     1 ||     6
       Finesse           |       |       |       |     1 |     1 ||     2
  Use: Potion            |       |     5 |     1 |     3 |       ||     9
       Scroll            |       |     1 |     1 |     7 |     2 ||    11
 Stab: Distracted        |       |     1 |     2 |       |       ||     3
       Invisible         |       |       |       |     2 |       ||     2
Armor: Leather armour    |    52 |    50 |   126 |       |       ||   228
       Chain mail        |       |       |    25 |   101 |       ||   126
       Robe              |       |       |       |    18 |       ||    18
       Crystal plate arm |       |       |       |   177 |    28 ||   205
Dodge: Dodged            |    99 |    89 |   276 |   236 |     8 ||   708
